 Dungeon Crawl Stone Soup version 0.26-a0-665-gefeb406119 (webtiles) character file.

Game seed: 9442716662028777241

232 lunkers the Cutter (level 6, -4/57 HPs)
             Began as a Kobold Berserker on Oct 13, 2020.
             Was a Believer of Trog.
             Slain by an orc
             ... wielding a +0 war axe
              (11 damage)
             ... on level 3 of the Dungeon.
             The game lasted 00:02:22 (2484 turns).

lunkers the Cutter (Kobold Berserker)               Turns: 2484, Time: 00:02:23

Health: -4/57      AC:  5    Str: 15    XL:     6   Next: 25%
Magic:  6/6        EV: 15    Int:  8    God:    Trog [**....]
Gold:   67         SH:  0    Dex: 16    Spells: 5/5 levels left

rFire    . . .     SeeInvis .   a - +0 short sword
rCold    . . .     Faith    .   (shield restricted)
rNeg     . . .     Spirit   .   d - +0 ring mail
rPois    +         Reflect  .   (no helmet)
rElec    .         Harm     .   (no cloak)
rCorr    .         Rampage  .   (no gloves)
MR       .....                  (no boots)
Stlth    ..........             (no amulet)
HPRegen  0.19/turn              i - ring of attention (curse)
MPRegen  0.10/turn              o - ring of poison resistance

@: berserking (expiring), very quick
A: small, nightstalker 3
a: Berserk, Trog's Hand, Renounce Religion


You were on level 3 of the Dungeon.
You worshipped Trog.
Trog was pleased with you.
You visited 1 branch of the dungeon, and saw 3 of its levels.

You collected 67 gold pieces.

Inventory:

Hand Weapons
 a - a +0 short sword (weapon)
Armour
 b - a +0 animal skin
 d - a +0 ring mail (worn)
Jewellery
 i - a cursed ring of attention (left hand)
 o - a ring of poison resistance (right hand)
Potions
 c - 2 potions of heal wounds
 j - 2 potions of stabbing {unknown}
 k - a potion of ambrosia {unknown}
 l - a potion of curing {unknown}
 n - a potion of magic {unknown}


   Skills:
 + Level 4.3 Fighting
 * Level 6.2 Short Blades
 - Level 1.5 Armour
 + Level 3.8 Dodging
 + Level 3.5 Stealth


You had 5 spell levels left.
You didn't know any spells.
Your spell library was empty.

Dungeon Overview and Level Annotations

Branches:
Dungeon (3/15)

Altars:

Annotations:
D:3 1 runed translucent door, Crazy Yiuf


Innate Abilities, Weirdness & Mutations

You are small and have problems with some larger weapons.
You are completely attuned to the shadows.


Message History

The orc priest is almost dead.
An orc comes into view. It is wielding a +0 dagger.
You are too berserk!
Unknown command.
You puncture the orc priest!
You kill the orc priest!
Trog accepts your kill.
Your Short Blades skill increases to level 6!
You have reached level 6!
Your experience leads to an increase in your attributes!
Increase (S)trength, (I)ntelligence, or (D)exterity?
You feel agile.
You see here a +0 mace.
You puncture the orc wizard!
You kill the orc wizard!
Trog accepts your kill.
Trog appreciates your killing of a magic user.
The orc throws a stone.
The stone hits you but does no damage. The orc hits you with a +0 war axe!
You die...

*,* *,,,,,,#.# *,*
*,,,,,,#.# *,*
*,,,,,,#.# *,*
*,,,,,,#.# *,*
*,.....#.# *,*
*,.....#.# *,*
*,...o.#.# *,*
*,...o.#.#
*,*******#@#.# *,,,..#
#(#.# *********##.##
#...#
,,,,,,,,,,...####..####*
*,,,,,,,,,#............*
*,*******,#<...........*
*,* ##,##...........*
*,* #..,+........?..*
*,* #..##......>....*


You could see 2 orcs.

Vanquished Creatures
  An ogre (D:2)
  An orc priest (D:3)
  An orc wizard (D:3)
  Terence (D:3)
  An adder (D:2)
  An ooze (D:1)
  2 dart slugs
  A ball python (D:1)
  13 bats
  A giant cockroach (D:2)
  7 goblins
  8 hobgoblins
  A jackal (D:1)
  A quokka (D:2)
  4 frilled lizards
  6 kobolds
  8 rats
58 creatures vanquished.

Vanquished Creatures (others)
  A kobold (D:2)
1 creature vanquished.

Grand Total: 59 creatures vanquished

Notes
Turn   | Place    | Note
-------+----------+-------------------------------------------
     0 | D:1      | lunkers the Kobold Berserker began the quest for the Orb.
     0 | D:1      | Reached XP level 1. HP: 14/14 MP: 1/1
    66 | D:1      | Reached XP level 2. HP: 14/19 MP: 2/2
    72 | D:1      | Reached skill level 1 in Stealth
   565 | D:1      | Reached XP level 3. HP: 23/23 MP: 3/3
  1073 | D:2      | Reached ** piety under Trog
  1543 | D:2      | Noticed an ogre
  1552 | D:2      | Killed an ogre
  1552 | D:2      | Reached skill level 5 in Short Blades
  1552 | D:2      | Reached XP level 4. HP: 22/29 MP: 4/4
  1552 | D:2      | Reached XP level 5. HP: 25/33 MP: 5/5
  2240 | D:3      | Noticed Terence
  2247 | D:3      | Killed Terence
  2307 | D:3      | Found a runed translucent door.
  2310 | D:3      | Noticed Crazy Yiuf
  2481 | D:3      | Reached skill level 6 in Short Blades
  2481 | D:3      | Reached XP level 6. HP: 7/38 MP: 6/6
  2484 | D:3      | Slain by an orc

Illustrated notes

Levels and vault maps discovered:
D:1:      nzn_arrival_water_spiral, layout_loops_ring
D:2:      layout_loops_corners, lemuel_flame_loot_1
D:3:      layout_basic, uniq_crazy_yiuf_cottage, uniq_terence

Skill      XL: |  1  2  3  4  5 |
---------------+----------------+-----
Stealth        | 1 2 3 |  3.5
Fighting       | 4 |  4.3
Short Blades   | 5 6 |  6.2
Dodging        | 3 |  3.8
Armour         | |  1.5

Action                   |  1- 3 |  4- 6 || total
-------------------------+-------+-------++-------
Melee: Short sword       |    79 |    60 ||   139
Invok: Berserk           |     2 |     2 ||     4
  Use: Scroll            |       |     6 ||     6
 Stab: Sleeping          |    18 |     5 ||    23
Armor: Animal skin       |     6 |     8 ||    14
       Ring mail         |       |     6 ||     6
Dodge: Dodged            |    37 |    25 ||    62

Table legend: (Time is in decaauts)
 A = Elapsed time spent in this place.
 B = Non-inter-level travel time spent in this place.
 C = Inter-level travel time spent in this place.
 D = Time resting spent in this place.
 E = Time spent auto-exploring this place.
 F = Levels seen in this place.
 G = Mean time per level.
                   A        B        C        D        E       F      G
               +--------+--------+--------+--------+--------+-----+--------+
         Total |   2496 |   2468 |     28 |     75 |   2021 |   3 |  832.0 |
       Dungeon |   2496 |   2468 |     28 |     75 |   2021 |   3 |  832.0 |
               +--------+--------+--------+--------+--------+-----+--------+

Top non-repeatable levels by time:
     D:2: 1184 daAuts
     D:1: 975 daAuts
     D:3: 336 daAuts
